Map: Kairos Junction LE

Players

DarwinAwdWnr

  • Race: Zerg Zerg
  • League: Platinum
  • Spawn Location: 11:00

llllllllllll - Winner!

  • Race: Zerg Zerg
  • League: Diamond
  • Spawn Location: 5:00

VOD

Have the link to the VOD?

Description

Time

  • Played on: June 15, 2019, 1:28 a.m.
  • Length: 6:36
Show
View Real Time Build Order
Export as new Build Order

DarwinAwdWnr Zerg 

Build Orders: Hatch First 

Get SALT Encoding   

  12  0:01  Drone  
  13  0:08  Drone  
  14  0:16  Overlord  
  14  0:35  Drone x2  
  16  0:51  Hatchery  
  16  0:55  Drone  
  16  0:57  Drone  
  16  1:00  Drone  
  18  1:10  Drone, Extractor  
  18  1:23  Spawning Pool  
  18  1:24  Drone  
  18  1:41  Drone x2  
  20  2:09  Zergling x2  
  20  2:10  Zergling x4, Queen  
  20  2:14  Metabolic Boost  
  25  2:17  Zergling x2  
  25  2:18  Zergling x2  
  27  2:24  Zergling x2  
  28  2:34  Zergling x4  
  27  2:38  Zergling x2  
  26  2:57  Baneling Nest  
  23  3:08  Overlord x2  
  23  3:26  Queen  
  22  3:43  Zergling x2  
  22  3:44  Zergling x16  
  30  3:58  Zergling x4  
  32  4:09  Zergling x2  
  33  4:10  Overlord  
  30  4:56  Drone  
  30  4:57  Drone x7  
  38  5:01  Lair  
  38  5:04  Hatchery  
  37  5:18  Drone  
  37  5:19  Drone x6  
  44  5:43  Overlord  
  44  5:44  Overlord  
  44  5:45  Extractor  
  44  5:47  Extractor  
  42  6:02  Roach Warren  
  38  6:10  Spine Crawler  
  37  6:11  Spine Crawler  
  37  6:13  Spine Crawler  
  37  6:14  Spine Crawler  
  37  6:16  Zergling x2, Spine Crawler  
  37  6:17  Zergling x18  
Show
View Real Time Build Order
Export as new Build Order

llllllllllll Zerg - Winner!

Build Orders: Pool First 

Get SALT Encoding   

  12  0:00  Drone  
  13  0:13  Overlord  
  13  0:18  Drone  
  14  0:34  Spawning Pool  
  13  0:37  Drone  
  13  0:41  Drone  
  15  0:46  Drone  
  16  0:50  Drone  
  17  1:11  Hatchery  
  16  1:21  Zergling x6  
  19  1:28  Queen  
  19  1:32  Zergling x2  
  22  1:41  Extractor  
  22  1:43  Overlord  
  21  1:54  Drone  
  22  2:04  Queen  
  22  2:05  Drone  
  25  2:20  Drone  
  26  2:23  Drone  
  27  2:34  Drone x2  
  28  2:40  Drone x3  
  29  2:47  Queen  
  29  2:49  Overlord  
  31  2:57  Drone  
  32  2:59  Drone x2  
  33  3:06  Drone  
  33  3:08  Drone  
  33  3:09  Lair  
  35  3:14  Evolution Chamber, Drone  
  35  3:15  Drone x2  
  35  3:19  Drone x2  
  39  3:24  Drone x2  
  41  3:39  Zergling x8  
  41  3:41  Roach Warren  
  42  3:49  Drone, Zergling x2  
  42  3:50  Overlord  
  42  3:51  Extractor  
  42  3:52  Extractor  
  42  3:53  Zerg Missile Weapons Level 1  
  42  3:59  Overlord  
  42  4:04  Drone x2  
  44  4:13  Evolution Chamber  
  42  4:18  Drone x5  
  42  4:23  Roach x3  
  51  4:28  Roach  
  52  4:34  Roach x2  
  52  4:37  Roach  
  58  4:41  Overlord  
  58  4:45  Glial Reconstitution  
  58  4:48  Roach  
  58  4:51  Overlord  
  60  4:57  Overseer  
  60  5:00  Roach x2  
  60  5:02  Drone x2  
  60  5:04  Drone  
  67  5:11  Roach x2  
  71  5:17  Roach x2  
  71  5:18  Overlord  
  75  5:24  Overlord  
  75  5:26  Overlord  
  75  5:32  Overlord  
  75  5:39  Overlord  
  75  5:43  Roach x4  
  75  5:48  Roach  
  85  5:54  Roach  
  85  5:55  Roach x2  
  91  6:03  Roach x4  
  99  6:12  Roach x3  
Tags
 
Add a new tag
Caveats
  • Supply blocks, unpowered buildings, or Contaminate may cause inaccurate times.
  • Supply counts are checked every 10 seconds.